 Dungeon Crawl Stone Soup version 0.24.0-13-gcf9b319 (webtiles) character file.

Game seed: 2648544597059126452, levelgen mode: deterministic

30 Doobh the Sneak (level 3, 0/30 HPs)
             Began as a Kobold Enchanter on Jan 19, 2020.
             Slain by Natasha (3 damage)
             ... on level 2 of the Dungeon.
             The game lasted 00:05:03 (1029 turns).

Doobh the Sneak (Kobold Enchanter)                  Turns: 1029, Time: 00:05:03

Health: 0/30       AC: 21    Str:  5    XL:     3   Next: 35%
Magic:  3/6        EV:  3    Int: 16    God:
Gold:   10         SH:  0    Dex: 16    Spells: 3/6 levels left

rFire    . . .     SeeInvis .   j - +0 dagger (flame)
rCold    . . .     Gourm    .   (shield restricted)
rNeg     + + +     Faith    .   (armour currently unavailable)
rPois    +         Spirit   .   (helmet currently unavailable)
rElec    .         Reflect  .   (cloak currently unavailable)
rCorr    .         Harm     .   (gloves currently unavailable)
MR       .....     NoTele   +   (boots currently unavailable)
Stlth    +++.......             (no amulet)
HPRegen  0.10/turn              (no ring)
MPRegen  0.10/turn              (no ring)

@: tree-form (expiring), slowed, very slow
A: small, carnivore
a: no special abilities


You were on level 2 of the Dungeon.
You were full.
You were a tree.
You visited 1 branch of the dungeon, and saw 2 of its levels.

You collected 10 gold pieces.

Inventory:

Hand Weapons
 a - a +1 dagger
 j - a +0 dagger of flaming (weapon)
Missiles
 i - 10 poisoned darts (quivered)
Armour
 b - a +0 robe (melded)
Jewellery
 f - an uncursed ring of poison resistance {unknown}
 g - a +5 ring of protection {unknown}
Scrolls
 c - 3 scrolls of teleportation {unknown}
 e - a scroll of identify {unknown}
 k - a scroll of fog {unknown}
Comestibles
 d - 3 rations


   Skills:
 * Level 0.5 Fighting
 * Level 2.1 Short Blades
 + Level 2.6 Dodging
 + Level 4.2 Stealth
 + Level 2.2 Spellcasting
 * Level 3.6 Hexes


You had 3 spell levels left.
You knew the following spells:

 Your Spells              Type           Power        Failure   Level  Hunger
a - Corona                Hex            ##.....      4%          1    #......
b - Ensorcelled Hibernat  Hex/Ice        #.....       14%         2    ###....

Your spell library contained the following spells:

 Spells                   Type           Power        Failure   Level  Hunger
 Confuse                  Hex            ##......     14%         3    ###....
 Tukima's Dance           Hex            ##......     14%         3    ###....
 Dazzling Spray           Conj/Hex       #.....       28%         3    ###....


Dungeon Overview and Level Annotations

Branches:
Dungeon (2/15)

Altars:

Annotations:
D:2 Natasha, Robin


Innate Abilities, Weirdness & Mutations

You are small and have problems with some larger weapons.
You are carnivorous and can eat meat at any time.


Message History

Natasha is heavily wounded.
Natasha claws you but does no damage.
You hit Natasha but do no damage.
Natasha is heavily wounded.
Your transformation is almost over.
Natasha stares at you and mumbles some strange words.
The magic dart hits you but does no damage.
You closely miss Natasha.
Natasha is heavily wounded.
Natasha claws you but does no damage. x2
You closely miss Natasha.
Natasha is heavily wounded.
Natasha claws you but does no damage.
You barely miss Natasha.
Natasha is heavily wounded.
Natasha claws you but does no damage.
You hit Natasha. You burn Natasha.
Natasha is severely wounded.
Natasha claws you.
You die...

####
#<.#########
#..........#
#..#######.#
#..# #.#
#..# #.#
#...#
#.#########
#...#
#.♣h......#
#..##
#########.#
#...
........#
#.##
######..# ..
#.5# #..#
#h.# #..#
#..#


You could see Natasha.

Vanquished Creatures
  An adder (D:2)
  2 giant cockroaches (D:1)
  2 hobgoblins (D:1)
  6 bats
  3 goblins
  3 kobolds (D:1)
  3 rats (D:1)
20 creatures vanquished.

Vanquished Creatures (others)
  4 toadstools (D:2)
4 creatures vanquished.

Grand Total: 24 creatures vanquished

Notes
Turn   | Place    | Note
-------+----------+-------------------------------------------
     0 | D:1      | Doobh the Kobold Enchanter began the quest for the Orb.
     0 | D:1      | Reached XP level 1. HP: 10/10 MP: 3/3
   209 | D:1      | Reached XP level 2. HP: 15/15 MP: 5/5
   216 | D:1      | Learned a level 2 spell: Ensorcelled Hibernation
   815 | D:2      | Noticed Robin
   993 | D:2      | Noticed Natasha
   994 | D:2      | Reached XP level 3. HP: 20/20 MP: 6/6
  1029 | D:2      | Slain by Natasha

Levels and vault maps discovered:
D:1:      dpeg_arrival_houses_and_road, layout_rooms
D:2:      layout_basic, chequers_ecumenical_altar_grove,
          minmay_gold_behind_fungi, minivault_11, serial_bayou_pond_e,
          grunt_qazlal_clouds, uniq_robin, uniq_natasha, uniq_crazy_yiuf_cottage

Skill      XL: |  1  2 |
---------------+-------+-----
Short Blades   | 2 |  2.1
Fighting       | |  0.5
Dodging        | |  2.6
Stealth        | |  4.2
Spellcasting   | |  2.2
Hexes          | |  3.6

Action                   || total
-------------------------++-------
Melee: Dagger            ||    79
 Cast: Corona            ||     4
       Ensorcelled Hiber ||    14
  Use: Potion            ||     1
 Stab: Sleeping          ||    13
  Eat: Chunk             ||     6
Armor: Robe              ||     9
       Skin              ||    16
Dodge: Dodged            ||    69
